 Dungeon Crawl Stone Soup version 0.25.1-2-g60ff931df9 (webtiles) character file.

Game seed: 8464062472857074017

214 gruber the Chopper (level 5, -10/46 HPs)
             Began as a Deep Dwarf Fighter on Sept 27, 2020.
             Mangled by an orc warrior
             ... wielding a +3 short sword
              (11 damage)
             ... on level 3 of the Dungeon.
             The game lasted 00:02:10 (1768 turns).

gruber the Chopper (Deep Dwarf Fighter)             Turns: 1768, Time: 00:02:10

Health: -10/46     AC:  9    Str: 20    XL:     5   Next: 60%
Magic:  5/5        EV:  8    Int:  9    God:
Gold:   101        SH:  9    Dex: 12    Spells: 4/4 levels left

rFire    . . .     SeeInvis .   d - +6 hand axe (flame)
rCold    . . .     Gourm    .   c - +0 kite shield
rNeg     . . .     Faith    .   p - +3 ring mail {MR+}
rPois    .         Spirit   .   (no helmet)
rElec    .         Reflect  .   g - +0 cloak
rCorr    .         Harm     .   (no gloves)
MR       +....                  (no boots)
Stlth    +.........             s - amulet of inaccuracy (curse)
HPRegen  0.00/turn              (no ring)
MPRegen  0.09/turn              (no ring)

@: non-regenerating, hasted, very quick
A: damage resistance, heal wounds, sense surroundings 1, no regeneration
a: Heal Wounds


You were on level 3 of the Dungeon.
You were not hungry.

You visited 1 branch of the dungeon, and saw 3 of its levels.

You collected 101 gold pieces.

Inventory:

Hand Weapons
 d - a +6 hand axe of flaming (weapon)
Armour
 b - a +0 scale mail
 c - a +0 kite shield (worn)
 g - a +0 cloak (worn)
 p - a +3 ring mail of magic resistance (worn)
Jewellery
 s - a cursed amulet of inaccuracy (around neck)
Scrolls
 i - a scroll of identify
 k - a scroll of magic mapping
 m - a scroll of teleportation
Potions
 e - a potion of magic {unknown}
 h - a potion of ambrosia {unknown}
 j - a potion of flight {unknown}
 l - a potion of berserk rage {unknown}
 n - 3 potions of heal wounds {unknown}
 o - 4 potions of brilliance {unknown}
Comestibles
 f - 5 rations
 r - 7 chunks of flesh


   Skills:
 - Level 2.6 Fighting
 + Level 6.5 Axes
 - Level 3.2 Armour
 - Level 3.2 Shields


You had 4 spell levels left.
You didn't know any spells.
Your spell library was empty.

Dungeon Overview and Level Annotations

Branches:
Dungeon (3/15)

Altars:


Innate Abilities, Weirdness & Mutations

You are resistant to damage.
You can heal yourself by infusing magical energy.
You passively map a small area around you.
You do not regenerate.


Message History

You hit the orc warrior. You burn the orc warrior.
The orc warrior is heavily wounded.
The orc warrior hits you with a +3 short sword!!
* * * LOW HITPOINT WARNING * * *
You hit the orc warrior. You burn the orc warrior.
The orc warrior is almost dead.
You block the gnoll's attack.
The orc warrior hits you with a +3 short sword.
* * * LOW HITPOINT WARNING * * *
You closely miss the orc warrior.
The orc warrior is almost dead.
The gnoll misses you.
You barely miss the orc warrior.
The orc warrior is almost dead.
You block the orc warrior's attack.
Your shield prevents you from hitting the orc warrior.
The orc warrior is almost dead.
You block the gnoll's attack.
The orc warrior hits you with a +3 short sword!
You die...

***,,,** #)#....##.#.###...
**,,,,,* #.#..#.##...# #.#.
,,,,,,,* #)#....###### #.##
**,,,,,* ######.#.##.# ####.#.
,**,,,#####......#....# #....#.
,,**,##...#.###.o##...# #.##.#.
,,,*,#..#.#.# #bgg....# #.#....
,,,*,#..#.#.####o##...# #.#.##.
,,,*,#..#.....##@##...#####.#.##.
,,**,##........#.##......รท..#.##.
,**,,,###........##...#######.###
**,,,,,*#......####...# #.#
,,,,,,,*#......# ##### #.#
**,,,,,*#......# #.#
**,,,**#......# #.# **#####.######
*,* #.........# *,***


You could see an orc warrior, 2 gnolls, an orc and a bat.

Vanquished Creatures
  2 orc priests (D:3)
  An orc wizard (D:3)
  Terence (D:2)
  A gnoll (D:3)
  4 adders
  4 dart slugs
  2 leopard geckos (D:1)
  5 orcs
  A ball python (D:3)
  4 bats
  2 giant cockroaches
  4 goblins
  6 hobgoblins
  5 frilled lizards
  3 kobolds
  2 rats
47 creatures vanquished.

Notes
Turn   | Place    | Note
-------+----------+-------------------------------------------
     0 | D:1      | gruber the Deep Dwarf Fighter began the quest for the Orb.
     0 | D:1      | Reached XP level 1. HP: 20/20 MP: 1/1
   143 | D:1      | Reached skill level 3 in Axes
   143 | D:1      | Reached XP level 2. HP: 20/27 MP: 2/2
   730 | D:2      | Reached XP level 3. HP: 18/33 MP: 3/3
   821 | D:2      | Reached skill level 4 in Axes
  1028 | D:2      | Noticed Terence
  1047 | D:2      | Killed Terence
  1047 | D:2      | Reached XP level 4. HP: 31/40 MP: 4/4
  1502 | D:3      | Reached skill level 5 in Axes
  1568 | D:3      | Reached XP level 5. HP: 35/46 MP: 5/5
  1663 | D:3      | Reached skill level 6 in Axes
  1721 | D:3      | Noticed an orc warrior
  1765 | D:3      | HP: 1/46 [orc warrior/+3 short sword (3)]
  1768 | D:3      | Mangled by an orc warrior

Illustrated notes

Levels and vault maps discovered:
D:1:      tarquinn_simple_flora_water_d, layout_basic, hangedman_glass_teeth
D:2:      minmay_general_purpose_star, layout_loops_ring, first_ration,
          uniq_terence
D:3:      minmay_octagon_keep, layout_basic

Skill      XL: |  1  2  3  4  5 |
---------------+----------------+-----
Axes           | 3 4 5 6 |  6.5
Fighting       | |  2.6
Armour         | |  3.2
Shields        | |  3.2

Action                   |  1- 3 |  4- 6 || total
-------------------------+-------+-------++-------
Melee: War axe           |   111 |       ||   111
       Hand axe          |       |    72 ||    72
 Abil: Heal Wounds       |     2 |     2 ||     4
  Use: Potion            |     1 |     1 ||     2
       Scroll            |       |     4 ||     4
  Eat: Chunk             |     1 |     2 ||     3
Armor: Scale mail        |    39 |       ||    39
       Ring mail         |       |    28 ||    28
Dodge: Dodged            |    30 |    22 ||    52
Block: Kite shield       |    55 |    27 ||    82
